 Dungeon Crawl Stone Soup version 0.31-a0-516-gfcb59812bd (webtiles) character file.

Game seed: 15319083182484119986

3286 Gargoyl the Cleaver (level 10, -2/61 HPs)
             Began as a Gargoyle Berserker on Aug 10, 2023.
             Was a Priest of Trog.
             Slain by an orc knight
             ... wielding a +0 glaive
              (19 damage)
             ... in a bailey.
             The game lasted 00:11:07 (5349 turns).

Gargoyl the Cleaver (Gargoyle Berserker)            Turns: 5349, Time: 00:11:08

Health: -2/61      AC: 20    Str: 25    XL:     10   Next: 1%
Magic:  10/10      EV: 10    Int:  8    God:    Trog [***...]
Gold:   213        SH:  0    Dex: 13    Spells: 9/9 levels left

rFire   . . .        j - +2 war axe (flame)
rCold   . . .        (no shield)
rNeg    + + .        q - +0 chain mail
rPois   ∞            (no helmet)
rElec   +            i - +2 cloak {Stlth+}
rCorr   .            (no gloves)
SInv    .            (no boots)
Will    +++..        f - amulet of the acrobat Stlth
                     e - +6 ring of strength
HPRegen 1.30/turn    b - ring of positive energy
MPRegen 0.12/turn

%: acrobat
@: strong-willed, on berserk cooldown, regenerating, slowed, very slow
A: sickness immunity, AC +7, negative energy resistance 1, electricity
resistance, torment resistance 1, petrification resistance, strong-willed 1,
screaming 1, weak 1
a: Renounce Religion, Berserk, Trog's Hand


You were in a bailey.
You worshipped Trog.
Trog was most pleased with you.
You visited 1 branch of the dungeon, and saw 7 of its levels.
You also visited: Ossuary and Bailey.

You collected 213 gold pieces.

Inventory:

Hand Weapons
 a - a +0 hand axe
 j - a +2 war axe of flaming (weapon)
 p - a +0 flail of protection
Missiles
 h - 13 poisoned darts (quivered)
Armour
 i - a +2 cloak of stealth (worn)
 q - a +0 chain mail (worn)
Jewellery
 b - a ring of positive energy (right hand)
 e - a +6 ring of strength (left hand)
 f - an amulet of the acrobat (around neck)
 w - a ring of protection from cold
 x - a ring of see invisible
Wands
 g - a wand of roots (15)
 t - a wand of mindburst (15)
Scrolls
 d - a scroll of silence
 u - 2 scrolls of teleportation
Potions
 c - 2 potions of berserk rage
 l - 2 potions of haste
 m - a potion of brilliance {unknown}
 o - 4 potions of curing
 r - a potion of lignification {unknown}
 s - 2 potions of might
 v - 2 potions of cancellation


   Skills:
 + Level 6.9 Fighting
 + Level 10.0 Axes
 + Level 0.3 Throwing
 + Level 5.7 Armour
 + Level 4.0 Dodging
 + Level 1.6 Stealth


You had 9 spell levels left.
You didn't know any spells.
Your spell library was empty.

Dungeon Overview and Level Annotations

Branches:
Dungeon (7/15)            Ossuary (visited)          Bailey (1/1)
 Temple: D:4-7

Altars:
Ashenzari
Cheibriados
Dithmenos
Elyvilon
Gozag
Nemelex Xobeh
Qazlal
Vehumet
Yredelemnul
Zin

Shops:
D:2 [


Innate Abilities, Weirdness & Mutations

You are immune to sickness and miasma.
Your stone body is resilient. (AC +7)
You are immune to poison.
You resist negative energy. (rN+)
You are resistant to electric shocks. (rElec)
You are resistant to unholy torment.
You are immune to petrification.
You are strong-willed. (Will+)
You occasionally shout uncontrollably at your foes.
You are weak. (Str -2)


Message History

The orc knight barely misses you.
You completely miss the orc warrior.
The orc warrior is moderately wounded.
Something unseen opens the door.
The orc warrior hits you with a +0 halberd.
The orc knight hits you but does no damage.
You hit the orc warrior. You burn the orc warrior.
The orc warrior is heavily wounded.
The orc warrior misses you.
The orc knight hits you from afar with a +0 glaive!
The orc warrior closely misses you.
The orc knight roars a battlecry!
The orc warrior goes into a battle-frenzy!
You barely miss the orc warrior.
The orc warrior is heavily wounded.
The orc warrior barely misses you.
The orc knight hits you but does no damage.
Unknown command.
You barely miss the orc warrior.
The orc warrior is heavily wounded.
The orc warrior hits you with a +0 halberd!
The orc knight barely misses you. The orc warrior barely misses you.
The orc knight hits you from afar with a +0 glaive.
Unknown command.
You barely miss the orc warrior.
The orc warrior is heavily wounded.
The orc warrior no longer looks unusually strong.
The orc warrior barely misses you.
The orc knight hits you from afar with a +0 glaive.
The orc warrior barely misses you.
Unknown command.
You hit the orc warrior. You burn the orc warrior.
The orc warrior is severely wounded.
The orc warrior hits you with a +0 halberd.
The orc knight hits you from afar with a +0 glaive.
The orc warrior hits you but does no damage.
The orc warrior hits you with a +0 halberd.
* * * LOW HITPOINT WARNING * * *
The orc knight hits you from afar with a +0 glaive!!
You die...

#.~)~~~~~~~ #.~........
#.~.#############+###
#.~.##.$$$.##........
#.~..##.$.##..≈§≈.§≈§
#.~~..##.##.§§≈.§§..§
#∩.~~..#+#..≈§§..⌠..§
##.~~..# #...§§.⌠∩⌠..
#.~~..## #@.o§≈.....≈
#.~..##..o##o.≈≈≈≈≈≈≈
#.~.##.... ##.....§...
#.~.#############'###'#####
#.~..))......##.....##o..).
#.~~~~~~~~~~..##.∩.##..~o)~
#..........~~..## ##..~~...
##########..~~..###..~~..##
##..~~.))..~~..##


You could see an orc knight and 2 orc warriors.

Vanquished Creatures
  The ghost of Beaer the Trooper, a novice DsFi of Makhleb (D:6)
  Grinder (D:3)
  A black bear (D:5)
  2 ice beasts (D:6)
  A sky beast (D:7)
  A hornet zombie (Ossuary)
  A phantom (D:5)
  A gnoll sergeant (D:6)
  2 wyvern zombies (Ossuary)
  A water moccasin zombie (Ossuary)
  3 scorpions
  3 wights (D:6)
  A howler monkey (D:5)
  An electric eel (D:6)
  A jelly (D:5)
  3 centaur zombies (Ossuary)
  6 hounds
  8 orc priests
  Crazy Yiuf (D:3)
  A gnoll bouda (D:7)
  2 iguanas
  4 orc wizards
  3 killer bee zombies (Ossuary)
  12 mummies (Ossuary)
  3 howler monkey zombies (Ossuary)
  8 gnolls
  6 adders
  A white imp (D:6)
  2 ufetubi
  4 worms
  6 dart slugs
  24 orcs
  6 ball pythons
  10 bats
  7 endoplasms
  8 giant cockroaches
  13 goblins
  8 hobgoblins
  4 jackals (D:3)
  3 frilled lizards
  8 kobolds
  6 rats
188 creatures vanquished.

Vanquished Creatures (collateral kills)
  An adder (D:2)
1 creature vanquished.

Grand Total: 189 creatures vanquished

Notes
Turn   | Place    | Note
-------+----------+-------------------------------------------
     0 | D:1      | Gargoyl the Gargoyle Berserker began the quest for the Orb.
     0 | D:1      | Reached XP level 1. HP: 14/14 MP: 1/1
    36 | D:1      | Reached XP level 2. HP: 5/19 MP: 2/2
   102 | D:1      | Reached skill level 3 in Axes
   371 | D:1      | Reached XP level 3. HP: 23/23 MP: 3/3
   455 | D:1      | Reached ** piety under Trog
   781 | D:2      | Found Bejog's Antique Armour Shoppe.
   949 | D:2      | Reached XP level 4. HP: 29/29 MP: 4/4
  1161 | D:2      | Found a radiant altar of Vehumet.
  1518 | D:3      | Reached skill level 4 in Axes
  1518 | D:3      | Reached XP level 5. HP: 33/33 MP: 5/5
  1700 | D:3      | Found a runed translucent door.
  1701 | D:3      | Noticed Crazy Yiuf
  1762 | D:3      | Reached XP level 6. HP: 25/38 MP: 6/6
  1861 | D:3      | Gained mutation: You are partially covered in iridescent
                  | scales. (AC +2) [potion of mutation]
  1861 | D:3      | Gained mutation: You are frail. (-10% HP) [potion of
                  | mutation]
  1953 | D:3      | Noticed Grinder
  1978 | D:3      | Paralysed by Grinder for 2 turns
  1999 | D:3      | Killed Grinder
  2000 | D:3      | Reached skill level 5 in Axes
  2000 | D:3      | Reached XP level 7. HP: 34/39 MP: 7/7
  2108 | D:3      | Found a glowing silver altar of Zin.
  2277 | D:3      | Found a broken altar of Ashenzari.
  2400 | D:3      | Killed Crazy Yiuf
  2475 | D:4      | Found a sand-covered staircase.
  2497 | Ossuary  | Entered an ossuary
  2526 | Ossuary  | Reached skill level 6 in Axes
  2530 | Ossuary  | Reached skill level 1 in Stealth
  2674 | Ossuary  | Reached XP level 8. HP: 43/43 MP: 8/8
  2683 | Ossuary  | Reached skill level 5 in Fighting
  2683 | Ossuary  | Reached skill level 7 in Axes
  2807 | Ossuary  | Lost mutation: You are frail. (-10% HP) [potion of
                  | mutation]
  2807 | Ossuary  | Lost mutation: You are partially covered in iridescent
                  | scales. (AC +2) [potion of mutation]
  2807 | Ossuary  | Gained mutation: You have hidden genetic defects. [potion
                  | of mutation]
  2807 | Ossuary  | Gained mutation: You are strong-willed. (Will+) [potion of
                  | mutation]
  3074 | D:4      | Found a white marble altar of Elyvilon.
  3115 | D:4      | Found a snail-covered altar of Cheibriados.
  3272 | D:4      | Found a sparkling altar of Nemelex Xobeh.
  3605 | D:5      | Entered Level 5 of the Dungeon
  3671 | D:5      | Found a stormy altar of Qazlal.
  3701 | D:5      | Gained mutation: You are weak. (Str -2) [hidden defects]
  3753 | D:5      | Found a basalt altar of Yredelemnul.
  3822 | D:5      | Reached skill level 8 in Axes
  3824 | D:5      | Gained mutation: You occasionally shout uncontrollably at
                  | your foes. [hidden defects]
  3824 | D:5      | Lost mutation: You have hidden genetic defects. [hidden
                  | defects expressed]
  3860 | D:5      | Reached XP level 9. HP: 54/54 MP: 9/9
  4223 | D:6      | Reached skill level 5 in Armour
  4276 | D:6      | Found a shadowy altar of Dithmenos.
  4372 | D:6      | Found a runed translucent door.
  4372 | D:6      | Noticed Beaer's ghost (novice DsFi)
  4381 | D:6      | Reached skill level 9 in Axes
  4466 | D:6      | Reached *** piety under Trog
  4574 | D:6      | Found an opulent altar of Gozag.
  4857 | D:6      | Killed Beaer's ghost
  5094 | D:7      | Found a flagged portal.
  5133 | D:7      | Reached skill level 10 in Axes
  5212 | D:7      | Reached XP level 10. HP: 53/61 MP: 10/10
  5233 | Bailey   | Entered a bailey
  5321 | Bailey   | Noticed an orc knight
  5349 | Bailey   | Slain by an orc knight

Illustrated notes

Levels and vault maps discovered:
D:1:      amcnicky_arrival_double_pillar, layout_basic
D:2:      layout_basic, basic_altar, serial_shops,
          nicolae_shop_tiny_statue_garden
D:3:      layout_loops_ring, zin_scriptorium, marbit_many_paths, minivault_24,
          uniq_grinder, uniq_crazy_yiuf_cottage
D:4:      layout_rooms, cheibriados_altar_1, elyvilon_altar_4,
          old_standard_altar, serial_bayou, serial_bayou_shore_b,
          serial_bayou_shore_b, serial_bayou_crossing, serial_bayou_shore_b,
          nicolae_ossuary_entry_false_entrances
D:5:      layout_gridville, kennysheep_little_box, general_overflow_altar,
          grunt_decor_arrowhead
D:6:      layout_rooms, grunt_gozag_statues, mainiacjoe_overflow_catwalk,
          hellmonk_ghost_happy_afterlife, kennysheep_big_empty_room,
          minmay_holes
D:7:      layout_basic, minmay_temple_entry_grid, ebering_ghost_gozag,
          enter_bailey_5
Bailey:   bailey_polearm_1, bailey

Skill      XL: |  1  2  3  4  5  6  7  8  9 |
---------------+----------------------------+-----
Axes           | 3 4 5 6 8 10 | 10.0
Dodging        | 2 3 4 |  4.0
Fighting       | 4 5 6 |  6.9
Stealth        | 1 |  1.6
Armour         | 3 4 5 |  5.7
Throwing       | |  0.3

Action                     |  1- 3 |  4- 6 |  7- 9 | 10-12 || total
---------------------------+-------+-------+-------+-------++-------
  Melee: Hand axe          |   121 |     7 |       |       ||   128
         War axe           |       |    80 |   347 |    31 ||   458
         Punch             |       |     1 |     5 |       ||     6
  Throw: Dart              |       |     3 |       |       ||     3
 Invoke: Berserk           |     2 |     3 |     7 |     1 ||    13
         Trog's Hand       |       |     6 |     8 |     2 ||    16
    Use: Scroll            |       |     7 |    12 |     2 ||    21
         Potion            |       |     1 |     5 |     1 ||     7
   Stab: Sleeping          |       |     1 |       |       ||     1
 Armour: Animal skin       |    55 |    40 |       |       ||    95
         Chain mail        |       |    11 |   236 |    20 ||   267
  Dodge: Dodged            |   127 |    88 |   251 |    69 ||   535

Table legend: (Time is in decaauts)
 A = Elapsed time spent in this place.
 B = Non-inter-level travel time spent in this place.
 C = Inter-level travel time spent in this place.
 D = Time resting spent in this place.
 E = Time spent auto-exploring this place.
 F = Levels seen in this place.
 G = Mean time per level.
                   A        B        C        D        E       F      G
               +--------+--------+--------+--------+--------+-----+--------+
         Total |   5611 |   5460 |    151 |     45 |   3449 |   9 |  623.4 |
       Dungeon |   4864 |   4713 |    151 |      0 |   3260 |   7 |  694.9 |
       Ossuary |    617 |    617 |      0 |     36 |    163 |   1 |  617.0 |
        Bailey |    129 |    129 |      0 |      9 |     25 |   1 |  129.0 |
               +--------+--------+--------+--------+--------+-----+--------+

Top non-repeatable levels by time:
     D:3: 1015 daAuts
     D:1: 800 daAuts
     D:2: 752 daAuts
     D:6: 743 daAuts
     D:4: 627 daAuts
 Ossuary: 617 daAuts
     D:5: 563 daAuts
     D:7: 362 daAuts
  Bailey: 129 daAuts
